 Dungeon Crawl Stone Soup version 0.26-a0-190-g75a3d40d47 (console) character file.

Game seed: 4468325801532104213

269 bli the Skirmisher (level 6, -1/55 HPs)
             Began as a Draconian Wanderer on July 4, 2020.
             Was a Follower of Makhleb.
             Slain by a worker ant (7 damage)
             ... on level 4 of the Dungeon.
             The game lasted 00:07:37 (3588 turns).

bli the Skirmisher (Draconian Wanderer)             Turns: 3588, Time: 00:07:38

Health: -1/55      AC:  6    Str: 13    XL:     6   Next: 1%
Magic:  6/6        EV: 13    Int: 13    God:    Makhleb [*.....]
Gold:   233        SH:  0    Dex: 13    Spells: 5/5 levels left

rFire    . . .     SeeInvis .   a - +2 dagger
rCold    . . .     Faith    .   (no shield)
rNeg     . . .     Spirit   .   (armour unavailable)
rPois    .         Reflect  .   (helmet restricted)
rElec    .         Harm     .   (no cloak)
rCorr    .                      (no gloves)
MR       .....                  (no boots)
Stlth    ++........             (no amulet)
HPRegen  0.18/turn              (no ring)
MPRegen  0.10/turn              (no ring)

@: lethally poisoned (-1 -> -5)
A: unfitting armour, cold-blooded, AC +6
a: Renounce Religion


You were on level 4 of the Dungeon.
You worshipped Makhleb.
Makhleb was aware of your devotion.
You were not hungry.

You visited 1 branch of the dungeon, and saw 4 of its levels.

You collected 233 gold pieces.

Inventory:

Hand Weapons
 a - a +2 dagger (weapon)
 b - a +0 rapier
 r - a +0 spear
Missiles
 p - 95 stones (quivered)
 q - 50 arrows
 t - 7 silver javelins
 w - 5 javelins
 A - 26 sling bullets
Jewellery
 v - an uncursed ring of resist corrosion
Wands
 C - a wand of random effects (11)
Scrolls
 d - 2 scrolls of teleportation
 g - 4 scrolls of enchant armour {unknown}
 h - 4 scrolls of remove curse {unknown}
 j - a scroll of magic mapping {unknown}
 k - 4 scrolls of identify {unknown}
 o - 2 scrolls of noise {unknown}
 u - a scroll of amnesia {unknown}
 x - a scroll of random uselessness {unknown}
 y - 2 scrolls of blinking {unknown}
Potions
 c - 2 potions of curing
 e - 2 potions of degeneration {unknown}
 i - 2 potions of ambrosia {unknown}
 l - 2 potions of heal wounds {unknown}
 m - a potion of might {unknown}
 n - a potion of mutation {unknown}
 s - 2 potions of flight {unknown}
 B - a potion of haste
Comestibles
 f - 7 rations
 z - 3 chunks of flesh


   Skills:
 * Level 4.8 Fighting
 + Level 1.0 Polearms
 + Level 3.1 Dodging
 - Level 4.0 Stealth
   Level 1.0 Shields
 - Level 2.0 Unarmed Combat


You had 5 spell levels left.
You didn't know any spells.
Your spell library was empty.

Dungeon Overview and Level Annotations

Branches:
Dungeon (4/15)
 Temple: D:4-7

Altars:
Fedhas
Gozag
Makhleb
Zin


Innate Abilities, Weirdness & Mutations

Your plain brown scales are hard. (AC +6)
You cannot fit into any form of body armour.
You are cold-blooded and may be slowed by cold attacks.


Message History

The worker ant poisons you!
The centaur hits the bush but does no damage.
You hit the worker ant.
Your tail-slap misses the worker ant.
The worker ant is moderately wounded.
You feel sick. The worker ant bites you.
* * * LOW HITPOINT WARNING * * *
The centaur hits the bush but does no damage.
You closely miss the worker ant.
The worker ant is moderately wounded.
You feel sick.
The centaur hits something but does no damage.
The worker ant closely misses you.
The centaur hits something.
You hit the worker ant.
You tail-slap the worker ant, but do no damage.
The worker ant is heavily wounded.
The worker ant bites you.
* * * LOW HITPOINT WARNING * * *
The centaur hits something but does no damage.
The worker ant bites you!
You die...

...# ##..# . ...#
P.PPP.### P.P.P...#
PcPP.#.### ..
PPP.(...##.#
...PP.((......#
....o..ooo#.####
#..#####a##.# #>
#@##.# . #. #.##.#
.. ...#####.##.#
... #...........#
..##.######.#..##
.. ... #.#...#
....##.######.##..#
##....)..........#
..................#
###.############..#
# #..#


You could see a centaur, a worker ant and 3 orcs.

Vanquished Creatures
  A bullfrog (D:3)
  A hound (D:2)
  Terence (D:3)
  7 adders
  6 dart slugs
  2 leopard geckos
  3 orcs (D:3)
  2 ball pythons
  10 bats
  4 giant cockroaches
  4 goblins
  7 hobgoblins
  6 jackals (D:2)
  A quokka (D:3)
  5 frilled lizards
  A jackal skeleton (D:4)
  7 kobolds
  9 rats
77 creatures vanquished.

Notes
Turn   | Place    | Note
-------+----------+-------------------------------------------
     0 | D:1      | bli the Draconian Wanderer began the quest for the Orb.
     0 | D:1      | bli set off with the following items: a +2 dagger, a potion
                  | of haste, a potion of curing, a scroll of teleportation, a
                  | ration
     0 | D:1      | Reached XP level 1. HP: 17/17 MP: 1/1
   311 | D:1      | Reached XP level 2. HP: 24/25 MP: 2/2
   936 | D:2      | Reached XP level 3. HP: 28/30 MP: 3/3
  1403 | D:2      | Reached XP level 4. HP: 28/38 MP: 4/4
  1764 | D:2      | Found a burning altar of Makhleb.
  1794 | D:2      | Became a worshipper of Makhleb the Destroyer
  2613 | D:3      | Found a glowing silver altar of Zin.
  2911 | D:3      | Reached XP level 5. HP: 46/46 MP: 5/5
  2995 | D:3      | Reached * piety under Makhleb
  3121 | D:3      | Found an opulent altar of Gozag.
  3420 | D:3      | Noticed Terence
  3433 | D:3      | Killed Terence
  3532 | D:4      | Reached XP level 6. HP: 53/55 MP: 6/6
  3573 | D:4      | Found a blossoming altar of Fedhas.
  3588 | D:4      | Slain by a worker ant

Illustrated notes

Levels and vault maps discovered:
D:1:      dpeg_arrival_arbitrary_b, layout_basic
D:2:      layout_loops_corners, minmay_misc_feat_diagonals, grunt_ministairs_5,
          makhleb_heckhound_becter
D:3:      layout_rooms, nicolae_gozag_cash_rules_everything_around_me,
          lemuel_crystal_altar, first_ration, minmay_close_crescents,
          uniq_terence
D:4:      layout_loops_ring, serial_shops, shop, fedhas_bush_and_centaur_altar

Skill      XL: |  1  2  3  4  5 |
---------------+----------------+-----
Stealth        | 3 4 |  4.0
Fighting       | 3 4 |  4.8
Dodging        | 2 3 |  3.1
Polearms       | |  1.0
Shields        | |  1.0
Unarmed Combat | |  2.0

Action                   |  1- 3 |  4- 6 || total
-------------------------+-------+-------++-------
Melee: Dagger            |    88 |   212 ||   300
       Tailslap          |    11 |    26 ||    37
       Punch             |       |     1 ||     1
Throw: Stone             |       |     2 ||     2
 Stab: Sleeping          |     6 |     7 ||    13
  Eat: Chunk             |     2 |     7 ||     9
Armor: Skin              |    35 |    75 ||   110
Dodge: Dodged            |    59 |   163 ||   222

Table legend:
 A = Non-vault XP
 B = Vault XP
 C = Vault XP percentage of total XP
 D = Non-vault monster count
 E = Vault monster count
 F = Vault count percentage of total count
                 A         B        C        D         E       F
            +---------+---------+-------+---------+---------+-------
      Total |     280 |     105 |  27.3 |      65 |      12 |  15.6
            +---------+---------+-------+---------+---------+-------
        D:1 |      30 |       0 |   0.0 |      16 |       0 |   0.0
        D:2 |      81 |      62 |  43.4 |      24 |       6 |  20.0
        D:3 |     155 |      43 |  21.7 |      23 |       6 |  20.7
        D:4 |      14 |       0 |   0.0 |       2 |       0 |   0.0
            +---------+---------+-------+---------+---------+-------
